 Dungeon Crawl Stone Soup version 0.19.3-4-gbf9329e (webtiles) character file.

290 jerryfan the Stinger (level 6, 0/38 HPs)
             Began as an Octopode Venom Mage on Jan 9, 2017.
             Slain by a bullfrog (2 damage)
             ... on level 5 of the Dungeon on Jan 27, 2017.
             The game lasted 00:13:58 (2443 turns).

jerryfan the Stinger (Octopode Venom Mage)          Turns: 2443, Time: 00:13:59

Health: 0/38       AC:  1    Str:  7    XL:     6   Next: 32%
Magic:  10/10      EV: 14    Int: 19    God:
Gold:   107        SH:  0    Dex: 13    Spells: 1 memorised, 9 levels left

rFire  . . .     SeeInvis .     g - +0 short sword
rCold  + . .     Gourm    .     (no shield)
rNeg   . . .     Faith    .     (helmet restricted)
rPois  .         Spirit   .     (no amulet)
rElec  .         Reflect  .     (no ring)
rCorr  .         Harm     .     e - ring of protection from cold
MR     .....                    (no ring)
Stlth  ++++......               (no ring)
                                (no ring)
                                (no ring)
                                (no ring)
                                (no ring)

@: no status effects
A: almost no armour, stealthy swim, amphibious, 8 rings, constrict 8, camouflage
1, gelatinous body 1
a: no special abilities


You were on level 5 of the Dungeon.
You were not hungry.

You visited 1 branch of the dungeon, and saw 5 of its levels.

You collected 107 gold pieces.

Inventory:

Hand Weapons
 g - a +0 short sword (weapon)
Jewellery
 e - a ring of protection from cold (right tentacle)
Scrolls
 c - a scroll of recharging
 d - a scroll of identify
 j - 2 scrolls of teleportation
Books
 a - a Young Poisoner's Handbook

   Spells                             Type                      Level
   a - Sting                          Conjuration/Poison           1
   b - Mephitic Cloud                 Conjuration/Poison/Air       3
   c - Olgreb's Toxic Radiance        Poison                       4
   d - Alistair's Intoxication        Transmutation/Poison         5
   e - Venom Bolt                     Conjuration/Poison           5
Comestibles
 b - 3 chunks of flesh


   Skills:
 + Level 1.1 Fighting
 + Level 2.4 Short Blades
 + Level 2.4 Dodging
 + Level 5.0 Stealth
 + Level 2.6 Spellcasting
 + Level 1.5 Conjurations
 + Level 6.0 Poison Magic


You had 9 spell levels left.
You knew the following spells:

 Your Spells              Type           Power        Failure   Level  Hunger
a - Sting                 Conj/Pois      ###.         4%          1    None


Dungeon Overview and Level Annotations

Branches:
Dungeon (6/15)             Temple (0/1) D:6

Altars:
Dithmenos


Innate Abilities, Weirdness & Mutations

You cannot wear most types of armour.
You are very stealthy in the water. (Stealth+)
You are amphibious.
You can wear up to eight rings at the same time.
You can use your tentacles to constrict eight enemies at once.
Your skin changes colour to match your surroundings (Stealth+).
Your rubbery body absorbs attacks. (AC +1, EV +1)


Message History

You see here a war axe.
The bullfrog barely misses you. The bullfrog misses you.
The bullfrog closely misses you. The bullfrog hits you.
* * * LOW HITPOINT WARNING * * *
The bullfrog barely misses you. x2
There is a stone staircase leading up here.
The bullfrog hits you.
* * * LOW HITPOINT WARNING * * *
You climb upwards.
An orc comes into view.
You found an alarm trap!
Found a scroll of recharging.
There is a stone staircase leading down here.
The bullfrog barely misses you. The bullfrog hits you.
* * * LOW HITPOINT WARNING * * *
The bullfrog closely misses you.
Found a ruby potion and a scale mail.
The bullfrog hits you.
You die...

#.# #.#
#.# #.#
#.# ####
#.#
#..[.##.#
.!.....@##
..8.###F.#
. #..#
#..# #..#
#.>#
.o......#
?#####^.#
#..#


You could see a bullfrog.

Vanquished Creatures
  Sigmund (D:2)
  Natasha (D:2)
  Terence (D:2)
  3 adders
  A worm (D:2)
  2 dart slugs
  4 leopard geckos
  An orc (D:3)
  A giant cockroach (D:2)
  7 goblins
  4 hobgoblins
  4 jackals (D:2)
  A quokka (D:2)
  4 bats
  2 frilled lizards
  5 kobolds
  7 rats
  A plant (D:1)
50 creatures vanquished.

Notes
Turn   | Place    | Note
-------+----------+-------------------------------------------
     0 | D:1      | jerryfan the Octopode Venom Mage began the quest for the Orb.
     0 | D:1      | Reached XP level 1. HP: 11/11 MP: 3/3
    69 | D:1      | Reached skill level 5 in Poison Magic
   166 | D:1      | Reached XP level 2. HP: 16/17 MP: 0/5
   913 | D:2      | Noticed Terence
   951 | D:2      | Killed Terence
   951 | D:2      | Reached XP level 3. HP: 8/21 MP: 1/6
  1212 | D:2      | Upgraded the game from 0.19.1-1-g22dce08 to 0.19.3-4-gbf9329e
  1305 | D:2      | Reached XP level 4. HP: 26/27 MP: 7/7
  1318 | D:2      | Noticed Natasha
  1340 | D:2      | Killed Natasha
  1340 | D:2      | Reached skill level 1 in Short Blades
  1670 | D:2      | Noticed Sigmund
  1900 | D:2      | HP: 1/27 [Sigmund/puff of flame (11)]
  1901 | D:2      | Killed Sigmund
  1901 | D:2      | Reached skill level 5 in Stealth
  1901 | D:2      | Reached skill level 1 in Conjurations
  1901 | D:2      | Reached skill level 6 in Poison Magic
  1901 | D:2      | Reached XP level 5. HP: 2/32 MP: 7/9
  1901 | D:2      | Reached XP level 6. HP: 2/37 MP: 7/10
  1943 | D:2      | Reached skill level 1 in Fighting
  2022 | D:2      | Found a shadowy altar of Dithmenos.
  2330 | D:3      | You fall through a shaft for 3 floors!
  2330 | D:6      | Found a staircase to the Ecumenical Temple.
  2438 | D:5      | Entered Level 5 of the Dungeon
  2439 | D:5      | HP: 1/38 [bullfrog (1)]
  2443 | D:5      | Slain by a bullfrog

Skill      XL: |  1  2  3  4  5  6 |
---------------+-------------------+-----
Poison Magic   | 5 6 |  6.0
Stealth        | 3 5 |  5.0
Short Blades   | 2 |  2.4
Conjurations   | 1 |  1.5
Fighting       | 1 |  1.1
Dodging        | |  2.4
Spellcasting   | |  2.6

Action                   |  1- 3 |  4- 6 || total
-------------------------+-------+-------++-------
Melee: Short sword       |   141 |    57 ||   198
       Unarmed           |     4 |       ||     4
       Tentacles         |    30 |     8 ||    38
       Constrict         |    16 |    11 ||    27
 Cast: Sting             |    29 |     9 ||    38
  Use: Potion            |     2 |     2 ||     4
       Scroll            |     4 |     5 ||     9
 Stab: Sleeping          |     4 |     3 ||     7
       Distracted        |       |     1 ||     1
  Eat: Bread ration      |     1 |       ||     1
       Chunk             |       |     1 ||     1
Armor: Skin              |     2 |     6 ||     8
Dodge: Dodged            |    26 |    43 ||    69
